 Dungeon Crawl Stone Soup version 0.31-a0-544-gceb718ecc6 (webtiles) character file.

Game seed: 4556344453679745659

131387 heikuro the Severer (level 17, -2/123 HPs)
             Began as a Formicid Fighter on Aug 15, 2023.
             Was the Champion of Hepliaklqana.
             Slain by a naga warrior
             ... wielding a +0 long sword
              (24 damage)
             ... on level 2 of the Snake Pit.
             The game lasted 01:18:10 (27921 turns).

heikuro the Severer (Formicid Fighter)             Turns: 27921, Time: 01:18:11

Health: -2/123     AC: 29    Str: 35    XL:     17   Next: 67%
Magic:  24/27      EV:  8    Int:  9    God:    Hepliaklqana [******]
Gold:   2908       SH: 19    Dex: 12    Spells: 16/16 levels left

rFire   + . .        e - +9 mace "Ossout" {freeze, rC+}
rCold   + . .        v - +1 tower shield
rNeg    . . .        t - +8 chain mail of Anaesthesia {rElec}
rPois   +            (helmet unavailable)
rElec   +            x - +2 cloak of the Thief {*Fog Slay-2 SInv Stlth+}
rCorr   .            c - +2 pair of gloves {infuse}
SInv    +            C - +0 pair of boots
Will    ++...        J - amulet of regeneration
Stlth   ++           a - ring "Oshe" {Will+ Str+4 Slay+3}
HPRegen 1.20/turn    I - ring of poison resistance
MPRegen 0.20/turn

%: clarity, infuse magic (1 MP)
@: lethally poisoned (-2 -> -3), studying Stealth
A: reduced essence, permanent stasis, dig shafts and tunnels, antennae 3, four
strong arms, talons 1, clarity, fire resistance 1, strong 1
a: Dig, Shaft Self, Renounce Religion, Recall Ancestor, Ancestor Identity,
Transference, Idealise


You were on level 2 of the Snake Pit.
You worshipped Hepliaklqana.
Hepliaklqana was exalted by your worship.
You visited 5 branches of the dungeon, and saw 26 of its levels.
You also visited: Sewer and Volcano.

You collected 2908 gold pieces.

Inventory:

Hand Weapons
 b - a +0 battleaxe of electrocution
 e - the +9 mace "Ossout" (weapon) {freeze, rC+}
   (You found it on level 7 of the Dungeon)

   rC+:       It protects you from cold.
 k - a +2 hand axe of venom
 W - a +1 demon trident of venom
Missiles
 o - 5 throwing nets
Armour
 c - a +2 pair of gloves of infusion (worn)
 t - the +8 chain mail of Anaesthesia (worn) {rElec}
   (You found it on level 5 of the Lair of Beasts)

   rElec:     It insulates you from electricity.
 v - a +1 tower shield (worn)
 x - the +2 cloak of the Thief (worn) {*Fog Slay-2 SInv Stlth+}
   (You found it on level 13 of the Dungeon)

   *Fog:      It may release a thick cloud of smoke when the wearer is hurt.
   Slay-2:    It affects your accuracy & damage with ranged weapons and melee
   (-2).
   SInv:      It lets you see invisible.
   Stlth+:    It makes you more stealthy.
 C - a +0 pair of boots (worn)
 O - a +0 kite shield of reflection
 P - the +2 scale mail "Fumukh" {+Blink rF- rC+++}
   (You found it on level 8 of the Dungeon)

   rF-:       It makes you vulnerable to fire.
   rC+++:     It renders you almost immune to cold.
   +Blink:    It lets you blink.
 X - a +1 plate armour of willpower
 Z - a +2 kite shield of fire resistance
Jewellery
 a - the ring "Oshe" (left hand) {Will+ Str+4 Slay+3}
   (You found it on level 14 of the Dungeon)

   [ring of willpower]

   Str+4:     It affects your strength (+4).
   Slay+3:    It affects your accuracy & damage with ranged weapons and melee
   (+3).
   Will+:     It increases your willpower.
 l - a ring of flight
 E - a ring of positive energy
 H - a ring of protection from fire
 I - a ring of poison resistance (right hand)
 J - an amulet of regeneration (around neck)
 M - a ring of willpower
 Q - a ring of willpower
 S - a +6 ring of dexterity
 U - the amulet of Jecakalu {Faith rPois rF+}
   (You found it on level 9 of the Dungeon)

   [amulet of faith]

   Faith:     It allows you to gain divine favour quickly.
   rF+:       It protects you from fire.
   rPois:     It protects you from poison
 Y - a +4 ring of slaying
Wands
 n - a wand of flame (35)
 p - a wand of paralysis (29)
 G - a wand of iceblast (7)
 K - a wand of mindburst (9)
 N - a wand of quicksilver (14)
 T - a wand of digging (4)
Scrolls
 f - 2 scrolls of brand weapon
 h - 7 scrolls of poison
 q - 6 scrolls of enchant armour
 r - 2 scrolls of fog
 s - 8 scrolls of immolation
 w - 3 scrolls of revelation
 y - 3 scrolls of silence
 D - a scroll of identify
 R - a scroll of summoning
Potions
 d - 5 potions of might
 g - 3 potions of cancellation
 i - 15 potions of curing
 j - a potion of lignification
 m - 3 potions of enlightenment
 u - 4 potions of heal wounds
 z - 3 potions of ambrosia
 A - 4 potions of brilliance
 B - 4 potions of resistance
 F - 7 potions of magic
 V - a potion of invisibility


   Skills:
 + Level 13.6 Fighting
 * Level 16.4 Axes
 + Level 13.5 Armour
 + Level 9.3 Stealth
 + Level 15.5 Shields
 + Level 13.6 Invocations
 - Level 11.2 Evocations


You had 16 spell levels left.
You didn't know any spells.
Your spell library contained the following spells:

 Spells                   Type           Power      Damage    Failure   Level
 Apportation              Tloc           0%         N/A       88%         1
 Magic Dart               Conj           0%         1d3       88%         1
 Necrotise                Necr           0%         1d4       88%         1
 Slow                     Hex            0%         N/A       88%         1
 Summon Small Mammal      Summ           0%         N/A       88%         1
 Call Imp                 Summ           0%         N/A       96%         2
 Cigotuvi's Dreadful Rot  Necr/Pois/Air  0%         N/A       96%         2
 Momentum Strike          Conj/Tloc      0%         3d8       96%         2
 Searing Ray              Conj           0%         2d4       96%         2
 Wereblood                Tmut           0%         N/A       96%         2
 Call Canine Familiar     Summ           0%         N/A       99%         3
 Confusing Touch          Hex            0%         N/A       99%         3
 Dazzling Flash           Conj/Hex       0%         N/A       99%         3
 Frozen Ramparts          Ice            0%         1d1       99%         3
 Mephitic Cloud           Conj/Pois/Air  0%         N/A       99%         3
 Summon Guardian Golem    Hex/Summ       0%         N/A       99%         3
 Vampiric Draining        Necr           0%         2d6       99%         3
 Volatile Blastmotes      Fire/Tloc      0%         2d10      99%         3
 Dispel Undead            Necr           0%         3d6       100%        4
 Petrify                  Tmut/Erth      0%         N/A       100%        4
 Sticky Flame             Conj/Fire      0%         2d3       100%        4
 Agony                    Necr           0%         N/A       100%        5
 Alistair's Intoxication  Tmut/Pois      0%         N/A       100%        5
 Irradiate                Conj/Tmut      0%         3d11      100%        5
 Metabolic Englaciation   Hex/Ice        0%         N/A       100%        5
 Death Channel            Necr           0%         N/A       100%        6
 Starburst                Conj/Fire      0%         6d3       100%        6
 Maxwell's Capacitive Co  Air            0%         ∞         100%        8


Dungeon Overview and Level Annotations

Branches:
Dungeon (15/15)            Temple (1/1) D:7            Lair (5/5) D:9
  Swamp (0/4) Lair:3        Snake (3/4) Lair:3        Slime (0/5) Lair:4
    Orc (2/2) D:9             Elf (0/3) Orc:2        Vaults (0/5) D:13
 Depths (0/4) D:15          Sewer (visited)         Volcano (visited)

Altars:
Ashenzari
Cheibriados
Dithmenos
Elyvilon
Fedhas
Gozag
Hepliaklqana
Kikubaaqudgha
Makhleb
Nemelex Xobeh
Okawaru
Qazlal
Ru
Sif Muna
Trog
Uskayaw
Vehumet
Wu Jian
Xom
Yredelemnul
Zin
The Shining One
Jiyva

Shops:
D:3 ?*   D:13 [   Orc:1 ?(:*   Orc:2 =(***

Annotations:
D:5 rCold tunnel
Snake:2 1 runed translucent door, Yti Onoa's ghost, adept OpVM


Innate Abilities, Weirdness & Mutations

Your life essence is reduced to manifest your ancestor. (-10% HP)
You cannot be hasted, slowed, berserked, paralysed or teleported.
You can dig through walls and to a lower floor.
You have a pair of large antennae on your head. (SInv)
Your four strong arms can wield two-handed weapons with a shield.
You have sharp toenails.
You possess an exceptional clarity of mind.
Your flesh is heat resistant. (rF+)
Your muscles are strong. (Str +4, Int/Dex -1)


Message History

You resist. You block the naga's attack. x2
The naga warrior hits you with a +0 long sword.
* * * LOW HITPOINT WARNING * * *
As you read the scroll of fear, it crumbles to dust.
You assume a fearsome visage.
The naga looks frightened!
The naga warrior resists with almost no effort.
The naga warrior looks frightened!
The naga looks frightened! x3
The naga resists with some effort.
You feel sick. You block the naga warrior's attack.
The naga loses its grip on you. You block the naga's attack.
The naga grabs you. The naga constricts you.
Unknown command.
You hit the naga. You freeze the naga.
The naga is lightly wounded.
You feel sick. You block the naga warrior's attack.
The naga completely misses you. The naga constricts you.
Unknown command.
You sock the naga! You freeze the naga.
The naga is severely wounded.
You feel sick.
You are no longer poisoned.
The naga hits you with a +0 battleaxe.
* * * LOW HITPOINT WARNING * * *
The naga constricts you. You block the naga warrior's attack.
You sock the naga! You freeze the naga.
You kill the naga!
The naga warrior spits poison at you. The splash of poison hits you.
You are poisoned.
You resist.
* * * LOW HITPOINT WARNING * * *
You closely miss the naga warrior.
You feel sick.
The naga warrior hits you with a +0 long sword.
* * * LOW HITPOINT WARNING * * *
You block the naga warrior's attack.
Unknown command.
You hit the naga warrior. You freeze the naga warrior.
The naga warrior is lightly wounded.
You feel sick.
The naga warrior hits you with a +0 long sword!!
You die...

#################...#######
################....#######
..<..........##...........#
.............##N.....N....#
.............##...........#
<............##.........).#
.............##.....#######
......##............#######
......##.......)@....N....#
########........N.........#
#######...................#
..........................#
..............######......#
....<.##...N.#######.N....#
......##.....##...........#
......##.....##...........#
......##.....##....)......#


You could see 2 naga warriors and 4 nagas.

Vanquished Creatures
  Agnes (Snake:2)
  An orc warlord (D:9)
  Azrael (D:15)
  The ghost of ytrimaz the Mimic, a journeyman OpSh of Ashenzari (Lair:4)
  Erolcha (D:9)
  Fannar (Lair:2)
  3 hydras
  2 anacondas (Snake:1)
  2 ogre magi
  Erica (D:11)
  A dancing weapon (D:13)
  4 centaur warriors
  4 death yaks
  5 boulder beetles
  A death knight (D:13)
  5 two-headed ogres
  A tengu warrior (D:13)
  2 naga warriors
  A naga sharpshooter (Snake:2)
  2 shock serpents
  Sonja (D:13)
  A salamander mystic (Snake:2)
  3 deep trolls
  2 naga ritualists
  2 deep elf pyromancers (D:14)
  2 lindwurms (Lair:5)
  A necromancer (D:15)
  An orc knight (Orc:1)
  A wizard (D:15)
  2 wolf spiders
  16 ugly things
  2 mana vipers
  An oklob plant (Snake:2)
  6 salamanders
  2 manticores (D:15)
  2 cyclopes
  A guardian serpent (Lair:5)
  6 elephants (Lair:5)
  14 black mambas
  2 naga magi
  14 cane toads
  A torpor snail (Lair:5)
  3 rime drakes
  A komodo dragon (Lair:4)
  3 tengu conjurers
  3 hornets (Lair:5)
  4 polar bears
  Grinder (D:3)
  A wind drake (shapeshifter) (D:15)
  A wolf spider simulacrum (D:15)
  A tyrant leech (Lair:3)
  12 trolls
  8 dream sheep
  8 blink frogs
  4 slime creatures
  A centaur simulacrum (D:15)
  2 fire elementals (D:15)
  30 yaks
  2 basilisks
  2 fire bats (Volcano)
  9 wyverns
  A steam dragon (Lair:4)
  A redback (Lair:5)
  A vampire mosquito (D:11)
  7 nagas
  Edmund (D:6)
  2 acid dragons
  14 water moccasins
  3 wargs
  5 hell hounds
  Pargi (Sewer)
  2 black bears
  A meliai simulacrum (D:15)
  13 orc warriors
  11 wolves
  18 ogres
  9 centaurs
  2 phantoms
  A kobold brigand (D:7)
  9 bullfrogs
  2 gnoll sergeants
  A scorpion (D:6)
  A wight (D:7)
  3 killer bees (D:10)
  An electric eel (D:8)
  A quasit (D:4)
  4 howler monkeys
  3 lava snakes (Lair:2)
  2 jellies (Lair:4)
  Crazy Yiuf (D:4)
  12 orc priests
  2 gnoll boudas
  2 sleepcaps
  Ijyb (D:3)
  16 orc wizards
  Robin (D:3)
  2 adders (D:2)
  5 gnolls
  A shadow imp (D:6)
  A white imp (D:5)
  2 worms (D:2)
  6 dart slugs
  50 orcs
  6 endoplasms
  2 giant cockroaches
  10 goblins
  8 hobgoblins
  3 jackals
  13 kobolds
  5 quokkas
  6 ball pythons
  4 bats
  5 rats
503 creatures vanquished.

Vanquished Creatures (collateral kills)
  Mlioglotl (Snake:2)
  Donald (Snake:2)
  2 hydras (Lair:5)
  3 centaur warriors
  A boulder beetle (Lair:4)
  2 catoblepae
  An anaconda (Snake:1)
  A dancing weapon (D:13)
  9 two-headed ogres
  2 death yaks (Lair:5)
  A tengu warrior (D:14)
  2 naga warriors (Snake:2)
  Urug (D:10)
  A naga sharpshooter (Snake:1)
  A skyshark (Lair:4)
  3 shock serpents
  A mana viper (Snake:1)
  2 orc sorcerers
  A deep elf zephyrmancer (D:15)
  3 salamanders
  7 ugly things
  2 cyclopes
  4 manticores
  11 black mambas
  Joseph (D:7)
  5 slime creatures
  3 naga magi
  6 cane toads
  A gargoyle (D:12)
  An efreet (D:13)
  A kobold demonologist (D:9)
  2 rime drakes (Lair:5)
  A komodo dragon (D:11)
  4 trolls
  Prince Ribbit (D:6)
  2 blink frogs (Lair:1)
  3 dream sheep
  A shadow (D:12)
  16 yaks
  A fire bat (Volcano)
  5 wyverns
  A wraith (D:9)
  A basilisk (Lair:4)
  2 fire elementals (D:15)
  A redback (Lair:5)
  2 steam dragons
  3 vampire mosquitoes
  A warg (Orc:1)
  A swamp worm (Lair:3)
  7 water moccasins
  9 nagas
  An acid dragon (D:12)
  An ice beast (D:6)
  8 orc warriors
  7 ogres
  7 wolves
  10 centaurs
  3 kobold brigands
  3 bullfrogs
  2 gnoll sergeants (D:9)
  5 wights
  2 killer bees (D:10)
  The ghost of wormstring the Slasher, a weakling BaMo (D:4)
  4 electric eels
  2 quasits (D:4)
  A lava snake (Lair:2)
  2 hounds
  3 jellies
  6 orc priests
  A sleepcap (D:5)
  Terence (D:3)
  4 iguanas
  9 orc wizards
  11 gnolls
  2 adders
  A dart slug (D:14)
  28 orcs
  A giant cockroach (D:3)
  3 goblins
  A hobgoblin (D:3)
  3 kobolds
278 creatures vanquished.

Vanquished Creatures (others)
  29 battlemagi
29 creatures vanquished.

Grand Total: 810 creatures vanquished

Notes
Turn   | Place    | Note
-------+----------+-------------------------------------------
     0 | D:1      | heikuro the Formicid Fighter began the quest for the Orb.
     0 | D:1      | Reached XP level 1. HP: 18/18 MP: 1/1
    61 | D:1      | Reached XP level 2. HP: 22/24 MP: 2/2
   297 | D:1      | Reached XP level 3. HP: 28/29 MP: 3/3
   652 | D:2      | Found a hazy altar of Hepliaklqana.
   687 | D:2      | Became a worshipper of Hepliaklqana the Forgotten
   696 | D:2      | Reached skill level 3 in Axes
   696 | D:2      | Reached XP level 4. HP: 37/37 MP: 4/4
   795 | D:2      | Reached XP level 5. HP: 32/42 MP: 5/5
  1194 | D:2      | Found a faded altar of an unknown god.
  1347 | D:3      | Noticed Ijyb
  1354 | D:3      | Killed Ijyb
  1358 | D:3      | Found a glowing silver altar of Zin.
  1358 | D:3      | Found Zin's Purification Station.
  1385 | D:3      | Reached skill level 5 in Shields
  1394 | D:3      | Reached XP level 6. HP: 36/48 MP: 6/6
  1411 | D:3      | Found a broken altar of Ashenzari.
  1478 | D:3      | Noticed Grinder
  1489 | D:3      | Killed Grinder
  1490 | D:3      | Reached skill level 4 in Axes
  1490 | D:3      | Reached skill level 1 in Invocations
  1490 | D:3      | Reached skill level 1 in Evocations
  1490 | D:3      | Reached XP level 7. HP: 24/55 MP: 6/8
  1493 | D:3      | Reached * piety under Hepliaklqana
  1504 | D:3      | Found a glowing drain.
  1508 | Sewer    | Entered a sewer
  1627 | Sewer    | Noticed Pargi
  1638 | Sewer    | Killed Pargi
  1736 | D:3      | Found Onloc's Magic Scroll Boutique.
  1766 | D:3      | Noticed Terence
  1775 | D:3      | Killed Terence
  1780 | D:3      | Noticed Robin
  1786 | D:3      | Killed Robin
  2489 | D:4      | Found a transporter.
  2497 | D:4      | Noticed wormstring's ghost (weakling BaMo)
  2506 | D:4      | Found a transporter.
  2749 | D:4      | Found a runed translucent door.
  2750 | D:4      | Noticed Crazy Yiuf
  2759 | D:4      | Killed Crazy Yiuf
  2915 | D:5      | Entered Level 5 of the Dungeon
  3034 | D:5      | Reached ** piety under Hepliaklqana
  3035 | D:5      | Remembered your ancestor Khabaw as a battlemage
  3106 | D:5      | Found a stormy altar of Qazlal.
  3133 | D:5      | Reached skill level 5 in Axes
  3171 | D:5      | Reached skill level 5 in Fighting
  3171 | D:5      | Reached XP level 8. HP: 55/55 MP: 10/10
  3745 | D:6      | Reached skill level 5 in Armour
  3936 | D:6      | Reached skill level 6 in Axes
  3984 | D:6      | Noticed Prince Ribbit
  3991 | D:6      | Killed Prince Ribbit
  3992 | D:6      | Reached XP level 9. HP: 62/62 MP: 12/12
  4022 | D:6      | Noticed Edmund
  4031 | D:6      | Killed Edmund
  4061 | D:6      | Identified the +1 leather armour "Ymechosk" {rN+}
  4376 | D:6      | Found a burning altar of Makhleb.
  4538 | D:7      | Reached *** piety under Hepliaklqana
  4667 | D:7      | Identified the +9 mace "Ossout" {freeze, rC+}
  4669 | D:7      | Found a staircase to the Ecumenical Temple.
  4681 | D:7      | Noticed Joseph
  4684 | Temple   | Entered the Ecumenical Temple
  4723 | D:7      | Killed Joseph
  4724 | D:7      | Reached skill level 7 in Axes
  5290 | D:8      | Reached skill level 5 in Invocations
  5379 | D:8      | Reached XP level 10. HP: 68/69 MP: 13/13
  5409 | D:8      | Found a sparkling altar of Nemelex Xobeh.
  5409 | D:8      | Found a blossoming altar of Fedhas.
  5591 | D:8      | Found a glowing golden altar of the Shining One.
  5598 | D:8      | Reached skill level 5 in Evocations
  5607 | D:8      | Reached skill level 8 in Axes
  5878 | D:8      | Noticed a two-headed ogre
  5885 | D:8      | Killed a two-headed ogre
  6169 | D:8      | Identified the +2 scale mail "Fumukh" {+Blink rF- rC+++}
  6189 | D:8      | Found a sacrificial altar of Ru.
  6422 | D:5      | You are sucked into a shaft and drop 3 floors!
  6862 | D:4      | Killed wormstring's ghost
  7037 | D:9      | Reached **** piety under Hepliaklqana
  7076 | D:9      | Reached XP level 11. HP: 71/75 MP: 15/15
  7164 | D:9      | Identified the amulet of Jecakalu {Faith rPois rF+}
  7191 | D:9      | Found a staircase to the Lair.
  7216 | D:9      | Gained mutation: You occasionally lose the ability to drink
                  | potions when taking damage. [potion of mutation]
  7216 | D:9      | Gained mutation: Your mind is acute. (Int +4, Str/Dex -1)
                  | [potion of mutation]
  7216 | D:9      | Gained mutation: You possess an exceptional clarity of
                  | mind. [potion of mutation]
  7217 | D:9      | Lost mutation: You occasionally lose the ability to drink
                  | potions when taking damage. [potion of mutation]
  7217 | D:9      | Lost mutation: Your mind is acute. (Int +4, Str/Dex -1)
                  | [potion of mutation]
  7217 | D:9      | Gained mutation: You have sharp toenails. [potion of
                  | mutation]
  7217 | D:9      | Gained mutation: Your flesh is heat resistant. (rF+)
                  | [potion of mutation]
  7217 | D:9      | Gained mutation: Your muscles are strong. (Str +4, Int/Dex
                  | -1) [potion of mutation]
  7252 | D:9      | Reached skill level 9 in Axes
  7321 | D:9      | Noticed Erolcha
  7334 | D:9      | You are sucked into a shaft and drop 1 floor!
  7334 | D:10     | Entered Level 10 of the Dungeon
  7902 | D:9      | Found a staircase to the Orcish Mines.
  8377 | D:9      | Killed Erolcha
  8413 | D:9      | Found an iron altar of Okawaru.
  8764 | D:10     | Noticed Urug
  8767 | D:10     | Noticed a two-headed ogre
  8772 | D:10     | Killed Urug
  8778 | D:10     | Killed a two-headed ogre
  8779 | D:10     | Reached skill level 10 in Axes
  9277 | D:11     | Reached ***** piety under Hepliaklqana
  9370 | D:11     | Reached XP level 12. HP: 59/84 MP: 17/17
  9608 | D:11     | Reached skill level 10 in Shields
  9703 | D:11     | Noticed Erica
  9721 | D:11     | Killed Erica
 10335 | D:12     | Noticed a boulder beetle
 10348 | D:12     | Killed a boulder beetle
 10917 | D:12     | Noticed a two-headed ogre
 10926 | D:12     | Killed a two-headed ogre
 10927 | D:12     | Reached skill level 11 in Axes
 11513 | D:13     | Noticed a tengu warrior
 11523 | D:13     | Killed a tengu warrior
 11710 | D:13     | Noticed a centaur warrior
 11725 | D:13     | Killed a centaur warrior
 11726 | D:13     | Noticed a centaur warrior
 11733 | D:13     | Killed a centaur warrior
 11734 | D:13     | Reached XP level 13. HP: 43/90 MP: 19/19
 11900 | D:13     | Found a gate to the Vaults.
 12089 | D:13     | Identified the +8 mace "Moor" {vamp, Int+2}
 12165 | D:13     | Found the +2 cloak of the Thief {*Fog Slay-2 SInv Stlth+}
 12573 | D:13     | Found Karil's Armour Emporium.
 12987 | D:13     | Noticed Sonja
 12992 | D:13     | Killed Sonja
 12993 | D:13     | Reached skill level 10 in Fighting
 13144 | D:14     | Reached skill level 12 in Axes
 13145 | D:14     | Reached skill level 10 in Armour
 13494 | D:14     | Identified the ring "Oshe" {Will+ Str+4 Slay+3}
 13532 | D:14     | Noticed a centaur warrior
 13539 | D:14     | Killed a centaur warrior
 13779 | D:14     | Reached skill level 10 in Invocations
 13854 | D:14     | Noticed a centaur warrior
 13864 | D:14     | Killed a centaur warrior
 14093 | D:14     | Found a snail-covered altar of Cheibriados.
 14170 | D:14     | You fall into a shaft and drop 1 floor!
 14170 | D:15     | Entered Level 15 of the Dungeon
 14209 | D:15     | Got the Volume of Bombardment
 14362 | D:15     | Noticed a centaur warrior
 14367 | D:15     | Noticed Azrael
 14375 | D:15     | Killed a centaur warrior
 14387 | D:14     | Reached XP level 14. HP: 42/99 MP: 21/21
 15325 | D:15     | Killed Azrael
 15326 | D:15     | Reached skill level 13 in Axes
 15586 | D:15     | HP: 3/101 [wolf spider simulacrum[a necromancer] (30)]
 15832 | D:15     | Found a staircase to the Depths.
 16386 | D:14     | Reached skill level 10 in Evocations
 16722 | Lair:1   | Entered Level 1 of the Lair of Beasts
 17107 | Lair:1   | Reached ****** piety under Hepliaklqana
 17583 | Lair:2   | Reached XP level 15. HP: 62/107 MP: 23/23
 17942 | Lair:2   | Noticed Fannar
 17953 | Lair:2   | Killed Fannar
 18444 | Lair:3   | Found a staircase to the Snake Pit.
 18447 | Lair:3   | Reached skill level 14 in Axes
 18675 | Lair:3   | Found a dark tunnel.
 18681 | Volcano  | Entered a volcano
 19079 | Lair:3   | Found a staircase to the Swamp.
 19387 | Lair:4   | Found a transporter.
 19387 | Lair:4   | Found a transporter.
 19540 | Lair:4   | Noticed ytrimaz's ghost (journeyman OpSh)
 19660 | Lair:4   | Found a viscous altar of Jiyva.
 19672 | Lair:4   | Found a staircase to the Slime Pits.
 20105 | Lair:5   | Entered Level 5 of the Lair of Beasts
 20722 | Lair:5   | Reached XP level 16. HP: 104/114 MP: 7/25
 20870 | Lair:5   | Identified the +8 chain mail of Anaesthesia {rElec}
 21125 | Lair:5   | Reached skill level 15 in Axes
 21156 | Lair:5   | Reached skill level 1 in Stealth
 21834 | Lair:5   | Identified the +6 short sword of the Ten Beasts {freeze,
                  | SInv}
 22966 | Orc:1    | Entered Level 1 of the Orcish Mines
 23725 | Orc:1    | Found Hiothry's Magic Scroll Boutique.
 23728 | Orc:1    | Found Ajoecu's Weapon Shoppe.
 23822 | Orc:2    | Entered Level 2 of the Orcish Mines
 23822 | Orc:2    | Found Noavahu's General Store.
 24082 | Orc:2    | Found a staircase to the Elven Halls.
 24161 | Orc:2    | Found Leonk's General Store.
 24191 | Orc:2    | Reached skill level 5 in Stealth
 24649 | Orc:2    | Found Raer's General Store.
 24651 | Orc:2    | Found Liopnam's Antique Weapon Shoppe.
 24660 | Orc:2    | Found Urairph's Jewellery Boutique.
 24851 | Orc:1    | Found Ziypreef's Book Shop.
 24852 | Orc:1    | Found Jashrorph's Assorted Antiques.
 25085 | Snake:1  | Entered Level 1 of the Snake Pit
 25246 | Snake:1  | Reached XP level 17. HP: 111/122 MP: 20/26
 25514 | Snake:1  | Reached skill level 15 in Shields
 25697 | Snake:1  | Reached skill level 16 in Axes
 26468 | Snake:2  | Noticed Mlioglotl
 26476 | Snake:2  | Killed Mlioglotl
 26688 | Snake:2  | Found a shimmering blue altar of Sif Muna.
 26867 | Snake:2  | Found a runed translucent door.
 26867 | Snake:2  | Noticed Yti Onoa's ghost (adept OpVM)
 26882 | Snake:2  | Noticed Donald
 26908 | Snake:2  | Killed Donald
 27521 | Snake:2  | Noticed Agnes
 27532 | Snake:2  | Killed Agnes
 27713 | Lair:4   | Killed ytrimaz's ghost
 27921 | Snake:2  | Slain by a naga warrior

Illustrated notes

Levels and vault maps discovered:
D:1:      psy_arrival_dodecagon, layout_loops_cross, minmay_nonomino_d4
D:2:      cheibrodos_helix_gallery, layout_loops_ring,
          dreamdust_ecumenical_altar_angels_and_demons, basic_altar
D:3:      layout_basic, zin_purify, mainiacjoe_overflow_boulevard,
          gup_sewer_entry_bowl, serial_shops, shop, uniq_ijyb, uniq_robin,
          uniq_terence, uniq_grinder
D:4:      layout_rooms, gammafunk_ghost_stat_death, uniq_crazy_yiuf_cottage
D:5:      lemuel_ice_spiral_2, layout_basic, lemuel_doored_altar, st_stairs_4,
          minmay_misc_feat_room
D:6:      layout_loops_ring, lightli_temple_of_fire, uniq_edmund,
          uniq_prince_ribbit1
D:7:      layout_basic, minmay_temple_entry_drinking_statues, uniq_joseph
D:8:      nicolae_moon_pools, layout_basic, nicolae_overflow_crystal_walls,
          nicolae_ru_the_path_less_chosen, gammafunk_temple_overflow_wave
D:9:      layout_irregular_city, lemuel_tele_altar, dpeg_oklobed_lair,
          kennysheep_orc_monster_closet_entryway, uniq_erolcha
D:10:     layout_big_octagon, columned_hall_lemuel,
          chequers_serial_rivers_large_b, kennysheep_generic_room_15, uniq_urug
D:11:     layout_roguey, st_stairs_7, dreamdust_wishing_well, centaur_isle,
          uniq_erica
D:12:     layout_long_grid, kennysheep_nub
D:13:     layout_stronghold, erik_vaults_1, serial_shops, shop,
          kennysheep_generic_room_16, uniq_sonja
D:14:     layout_irregular_city, minmay_curled_crystal, kennysheep_slug_shrine
D:15:     grunt_enter_depths_magical_seal, layout_basic, uniq_azrael
Temple:   dshaligram_water_room_temple
Lair:1:   layout_misc_corridors, dreamdust_gnoll_shepherd, grunt_megastairs_5,
          infiniplex_staircase_pool_2
Lair:2:   layout_chaotic_city, nicolae_lair_liquid_snakes, grunt_megastairs_1,
          uniq_fannar
Lair:3:   layout_chaotic_city, palyth_hydra_swamp_entry,
          guppyfry_snake_entry_island, enter_volcano_1
Lair:4:   layout_roguey, nicolae_slime_entry_field_trip, nzn_ghost_randoct
Lair:5:   hangedman_lair_in_review, layout_regular_city,
          hangedman_lair_tendril_chambers, hibernation_bobbens,
          serial_bayou_shore_a
Snake:1:  layout_chambers, nicolae_snake_gridmaze_spiral
Snake:2:  layout_grid_maze, gammafunk_ghost_grave, lemuel_oklob_altar,
          uniq_donald, uniq_mlioglotl, uniq_agnes
Snake:3:  layout_misc_corridors, portal_ice_cave_entry_frozen_things
Orc:1:    minmay_goldmine, layout_caves, serial_shops,
          nicolae_shop_just_a_little_nook, shop_statue, shop, shop
Orc:2:    st_orc_open, layout_caves, serial_shops, shop

Skill      XL: |  1  2  3  4  5  6  7  8  9 10 11 12 13 14 15 16 17 |
---------------+----------------------------------------------------+-----
Axes           | 3 4 5 6 7 8 10 11 12 13 14 15 16 | 16.4
Fighting       | 4 5 6 7 8 9 10 11 12 13 | 13.6
Armour         | 4 5 6 7 8 9 10 11 12 13 | 13.5
Shields        | 5 6 7 8 9 10 12 13 14 15 | 15.5
Invocations    | 1 2 4 5 6 7 9 10 11 12 13 | 13.6
Evocations     | 1 2 3 4 5 7 8 9 10 11 | 11.2
Stealth        | 6 9 |  9.3

Action                     |  1- 3 |  4- 6 |  7- 9 | 10-12 | 13-15 | 16-18 || total
---------------------------+-------+-------+-------+-------+-------+-------++-------
  Melee: War axe           |    55 |       |       |       |       |       ||    55
         Hand axe          |     6 |    68 |   180 |   290 |   512 |   295 ||  1351
         Mace              |       |       |       |       |   161 |   233 ||   394
  Throw: Throwing net      |       |       |       |       |     1 |       ||     1
 Invoke: Ancestor Identity |       |       |     2 |       |       |       ||     2
         Ancestor Life: Ba |       |       |     1 |       |       |       ||     1
         Recall Ancestor   |       |       |       |     1 |     1 |     1 ||     3
Ability: Shaft Self        |       |       |       |     2 |     1 |       ||     3
         Dig               |       |       |       |       |       |     1 ||     1
  Evoke: Wand              |       |       |       |       |       |     2 ||     2
    Use: Scroll            |       |     1 |     7 |     9 |    11 |     3 ||    31
         Potion            |       |       |       |     4 |     1 |     2 ||     7
   Stab: Distracted        |       |       |     3 |     4 |    13 |     9 ||    29
         Petrified         |       |       |       |       |       |     3 ||     3
 Armour: Scale mail        |    35 |       |       |   150 |   229 |     7 ||   421
         Plate armour      |    10 |    39 |    84 |    31 |       |       ||   164
         Chain mail        |       |       |       |       |       |   190 ||   190
  Dodge: Dodged            |    27 |    14 |    22 |   118 |   160 |   103 ||   444
  Block: Buckler           |    16 |    14 |    12 |       |       |       ||    42
         Tower shield      |       |       |    96 |   383 |   403 |   342 ||  1224
         Kite shield       |       |       |       |       |   158 |   108 ||   266

Table legend: (Time is in decaauts)
 A = Elapsed time spent in this place.
 B = Non-inter-level travel time spent in this place.
 C = Inter-level travel time spent in this place.
 D = Time resting spent in this place.
 E = Time spent auto-exploring this place.
 F = Levels seen in this place.
 G = Mean time per level.
                   A        B        C        D        E       F      G
               +--------+--------+--------+--------+--------+-----+--------+
         Total |  27845 |  25559 |   2286 |   2891 |  16356 |  28 |  994.5 |
       Dungeon |  17066 |  15487 |   1579 |   2282 |   9865 |  15 | 1137.7 |
        Temple |     31 |     31 |      0 |     30 |      0 |   1 |   31.0 |
          Lair |   5824 |   5336 |    488 |    154 |   3718 |   5 | 1164.8 |
     Snake Pit |   2614 |   2485 |    129 |    106 |   1515 |   3 |  871.3 |
  Orcish Mines |   1948 |   1859 |     89 |    249 |   1195 |   2 |  974.0 |
         Sewer |    180 |    180 |      0 |     70 |     62 |   1 |  180.0 |
       Volcano |    179 |    179 |      0 |      0 |      0 |   1 |  179.0 |
               +--------+--------+--------+--------+--------+-----+--------+

Top non-repeatable levels by time:
  Lair:5: 2220 daAuts
    D:13: 1939 daAuts
     D:8: 1711 daAuts
    D:15: 1691 daAuts
    D:14: 1639 daAuts
 Snake:1: 1387 daAuts
   Orc:1: 1259 daAuts
 Snake:2: 1221 daAuts
    D:12: 1215 daAuts
    D:10: 1193 daAuts
     D:9: 1065 daAuts
     D:7: 1042 daAuts
    D:11: 1021 daAuts
     D:5: 973 daAuts
     D:3: 929 daAuts
